 Dungeon Crawl Stone Soup version 0.31.0-11-ge490571c62 (webtiles) character file.

Game seed: 3324486592183198628

58 qw the Shooter (level 3, 0/18 HPs)
             Began as a Spriggan Hunter on Feb 4, 2024.
             Succumbed to their own poison gas
             ... on level 2 of the Dungeon.
             The game lasted 00:00:05 (1478 turns).

qw the Shooter (Spriggan Hunter)                    Turns: 1478, Time: 00:00:05

Health: 0/18       AC:  2    Str:  7    XL:     3   Next: 75%
Magic:  4/4        EV: 19    Int: 10    God:
Gold:   112        SH:  0    Dex: 20    Spells: 2/2 levels left

rFire   . . .        a - +0 shortbow
rCold   . . .        (shield currently unavailable)
rNeg    . . .        c - +0 robe
rPois   .            (helmet restricted)
rElec   .            (no cloak)
rCorr   .            (gloves unavailable)
SInv    +            (boots unavailable)
Will    .....        (no amulet)
Stlth   ++           (no ring)
HPRegen 0.23/turn    (no ring)
MPRegen 0.09/turn

%: no passive effects
@: lethally poisoned (0 -> -2), very quick
A: very small, no large weapons, unfitting armour, see invisible, speed 3
a: no special abilities


You were on level 2 of the Dungeon.
You visited 1 branch of the dungeon, and saw 2 of its levels.

You collected 112 gold pieces.


Innate Abilities, Weirdness & Mutations

You are very small and have problems with some larger weapons.
You are too small for most types of armour.
You have supernaturally acute eyesight. (SInv)
You cover ground extremely quickly. (Speed+++)


   Skills:
 - Level 1.5 Fighting
 + Level 4.9 Ranged Weapons
 - Level 4.0 Dodging
 - Level 1.5 Stealth


You had 2 spell levels left.
You didn't know any spells.
Your spell library was empty.

Inventory:

Hand Weapons
 a - a +0 shortbow (weapon)
Armour
 c - a +0 robe (worn)
Potions
 e - a potion of heal wounds
 f - a potion of curing {unknown}
 g - a potion of degeneration {unknown}
 i - a potion of ambrosia {unknown}
 k - a potion of attraction {unknown}
 l - a potion of enlightenment {unknown}

Dungeon Overview and Level Annotations

Branches:
Dungeon (2/15)

Altars:
Wu Jian


Message History

Sorry, I don't know how to get there.
Enter note:
Enter note:
Enter note:
Enter note:
Enter note:
Enter note:
Enter note:
Enter note:
Enter note:
Enter note:
Enter note:
Enter note:
Enter note:
Enter note:
Enter note: You are engulfed in poison gas.
You are lethally poisoned!
You feel very sick.
1469 ||| Stepping ~*~*~tactically~*~*~ (cloud).
You feel sick.
You see here a scroll of vulnerability.
There is a lethal amount of poison in your body!
You feel very sick.
There is a lethal amount of poison in your body!
You feel sick.
There is a lethal amount of poison in your body!
You feel sick.
There is a lethal amount of poison in your body!
You feel sick.
There is a lethal amount of poison in your body!
You feel sick.
There is a lethal amount of poison in your body!
You feel sick.
There is a lethal amount of poison in your body!
You feel sick.
There is a lethal amount of poison in your body!
You feel sick.
There is a lethal amount of poison in your body!
You die...

###### #00..### ##.##...#
#.00###.## ##¤## #..####
##0¤¤####....# #¤0.0.#
####.## ##.@0## #..#
####000¤0#### ##.# ###
####.#.¤0¤¤00#.####.# ..#
###.#.0¤.00¤00000.#.#.#
..####...0¤¤¤000¤0.¤..¤....#
.......#.#000..0.¤¤¤000#.#.#
..#..######.#0.0..00#0####.#
....## ####.000.######..#
##### ##...## ##..##


There were no monsters in sight!

Vanquished Creatures
  An adder (D:2)
  A ribbon worm (D:2)
  5 bats
  5 endoplasms
  2 giant cockroaches
  3 goblins
  5 hobgoblins
  3 jackals (D:2)
  2 kobolds (D:1)
  4 ball pythons
  5 frilled lizards (D:1)
  6 rats (D:1)
42 creatures vanquished.

Notes
Turn   | Place    | Note
-------+----------+-------------------------------------------
     0 | D:1      | qw the Spriggan Hunter began the quest for the Orb.
     0 | D:1      | Reached XP level 1. HP: 10/10 MP: 2/2
     0 | D:1      | 0 ||| qw: Version: 0.3-a-160-g6735b56
     0 | D:1      | 0 ||| qw: Game counter: 5492
     0 | D:1      | 0 ||| qw: Melee chars always use a shield: true
     0 | D:1      | 0 ||| qw: God list: Okawaru
     0 | D:1      | 0 ||| qw: Allow faded altars: false
     0 | D:1      | 0 ||| qw: Do Orc after clearing Dungeon:15 true
     0 | D:1      | 0 ||| qw: Do second Lair branch before Depths: true
     0 | D:1      | 0 ||| qw: Lair rune preference: random
     0 | D:1      | 0 ||| qw: Goals: Normal
     0 | D:1      | 0 ||| PLANNING D:1-11
   103 | D:1      | Reached skill level 3 in Dodging
   153 | D:1      | Reached XP level 2. HP: 14/14 MP: 3/3
   729 | D:1      | Reached XP level 3. HP: 18/18 MP: 4/4
   802 | D:1      | 802 ||| READING scroll labelled XEOCHE VOSTAOF.
   802 | D:1      | 802 ||| IDENTIFYING fuming ruby potion
   803 | D:1      | 803 ||| READING scroll labelled NAZO PODAI.
   804 | D:1      | 804 ||| DROPPING scroll of butterflies.
  1032 | D:2      | Found an ornate altar of the Wu Jian Council.
  1362 | D:2      | 1362 ||| READING scroll labelled TUBEMA GONODA.
  1363 | D:2      | 1363 ||| READING 2 scrolls labelled FAK HOZINO.
  1464 | D:2      | 1464 ||| READING scroll labelled KEYTUI FUFE.
  1465 | D:2      | 1465 ||| READING scroll labelled DUYXUO TINI.
  1466 | D:2      | 1466 ||| READING scroll labelled KIETWA CING.
  1467 | D:2      | 1467 ||| DROPPING scroll of vulnerability.
  1469 | D:2      | 1469 ||| Stepping ~*~*~tactically~*~*~ (cloud).
  1473 | D:2      | HP: 4/18 [poisoned by you (poison gas)]
  1477 | D:2      | HP: 1/18 [poisoned by you (poison gas)]
  1478 | D:2      | Succumbed to their own poison gas

Levels and vault maps discovered:
D:1:      dpeg_arrival_rooms_with_view, layout_basic
D:2:      layout_rooms, serial_forest, infiniplex_forest_diagonal,
          infiniplex_forest_end_1, infiniplex_forest_end_2,
          infiniplex_forest_end_1, basic_altar, nicolae_figureground_sparkle

Skill      XL: |  1  2 |
---------------+-------+-----
Dodging        | 3 4 |  4.0
Fighting       | |  1.5
Ranged Weapons | |  4.9
Stealth        | |  1.5

Action                     || total
---------------------------++-------
   Fire: Shortbow          ||    97
    Use: Scroll            ||     7
 Armour: Robe              ||     6
  Dodge: Dodged            ||    16

Table legend:
 A = Non-vault XP
 B = Vault XP
 C = Vault XP percentage of total XP
 D = Non-vault monster count
 E = Vault monster count
 F = Vault count percentage of total count
                 A         B        C        D         E       F
            +---------+---------+-------+---------+---------+-------
      Total |      79 |       4 |   4.8 |      40 |       2 |   4.8
            +---------+---------+-------+---------+---------+-------
        D:1 |      41 |       4 |   8.9 |      27 |       2 |   6.9
        D:2 |      38 |       0 |   0.0 |      13 |       0 |   0.0
            +---------+---------+-------+---------+---------+-------
